 Dungeon Crawl Stone Soup version 0.18-a0-1730-g73f0523 (webtiles) character file.

11746 inmateoo the Spear-Bearer (level 11, -8/93 HPs)
             Began as a Merfolk Ice Elementalist on Apr 10, 2016.
             Was an Elder of Qazlal.
             Impaled on a porcupine's spines (12 damage)
             ... on level 9 of the Dungeon.
             The game lasted 00:28:13 (14211 turns).

inmateoo the Spear-Bearer (MfIE)                   Turns: 14211, Time: 00:28:14

Health: -8/93      AC: 10    Str: 14    XL:     11   Next: 82%
Magic:  14/14      EV: 17    Int: 15    God:    Qazlal [****..]
Gold:   560        SH:  8    Dex: 15    Spells: 3 memorised, 10 levels left

rFire  . . .     SeeInvis .     i - +1 glaive
rCold  . . .     Gourm    .     A - +1 ring mail "Tuhetur" {Str+3}
rNeg   . . .     Faith    .     (shield currently unavailable)
rPois  +         Spirit   .     h - +1 helmet
rElec  .         Dismiss  .     (no cloak)
rCorr  .         Reflect  +     a - +0 pair of gloves
SustAt .         Harm     .     (no boots)
MR     .....                    v - +3 amulet of reflection
Stlth  +.........               (no ring)
                                f - ring of poison resistance

@: repel missiles, not resistant to hostile enchantments, very unstealthy
A: change form in water, swift swim
a: Upheaval, Elemental Force, Renounce Religion


You were on level 9 of the Dungeon.
You worshipped Qazlal.
Qazlal was greatly pleased with you.
You were not hungry.

You visited 3 branches of the dungeon, and saw 13 of its levels.

You collected 560 gold pieces.

Inventory:

Hand Weapons
 i - a +1 glaive (weapon)
 o - the +2 war axe of Forced Transition {speed, *Rage rF+++ MP+9 Str+3}
   (You took it off Joseph on level 7 of the Dungeon)

   Attacks with this weapon are significantly faster.
   It affects your strength (+3).
   It renders you almost immune to fire.
   It affects your magic capacity (+9).
   It may make you go berserk in combat.
 r - a +0 trident
Armour
 a - a +0 pair of gloves (worn)
 h - a +1 helmet (worn)
 A - the +1 ring mail "Tuhetur" (worn) {Str+3}
   (You found it on level 11 of the Dungeon)

   It affects your strength (+3).
 E - a troll hide
Jewellery
 f - a ring of poison resistance (left hand)
 v - a +3 amulet of reflection (around neck)
Wands
 d - a wand of polymorph (12/24)
 m - a wand of digging (17/24)
 t - a wand of random effects (11/48)
 C - a wand of teleportation (4/9)
Scrolls
 e - 2 scrolls of teleportation
 j - 4 scrolls of remove curse
 k - 2 scrolls of amnesia
 l - a scroll of identify
 w - a scroll of blinking
 B - a scroll of vulnerability
Potions
 g - a potion of flight
 n - 2 potions of resistance
 q - a potion of magic
 u - a potion of curing
 z - a potion of haste
 F - a potion of lignification
 H - a potion of agility
Books
 b - a book of Frost

   Spells                             Type                      Level
   a - Freeze                         Ice                          1
   b - Throw Frost                    Conjuration/Ice              2
   c - Ozocubu's Armour               Charms/Ice                   3
   d - Throw Icicle                   Conjuration/Ice              4
   e - Summon Ice Beast               Ice/Summoning                4
 p - a book of Cantrips

   Spells                             Type                      Level
   a - Corona                         Hexes                        1
   b - Animate Skeleton               Necromancy                   1
   c - Summon Small Mammal            Summoning                    1
   d - Apportation                    Translocation                1
 y - a book of Conjurations

   Spells                             Type                      Level
   a - Magic Dart                     Conjuration                  1
   b - Searing Ray                    Conjuration                  2
   c - Dazzling Spray                 Conjuration/Hexes            3
   d - Fulminant Prism                Conjuration/Hexes            4
   e - Iskenderun's Mystic Blast      Conjuration                  4
   f - Iskenderun's Battlesphere      Conjuration/Charms           5
 G - a book of Annihilations

   Spells                             Type                      Level
   a - Poison Arrow                   Conjuration/Poison           6
   b - Chain Lightning                Conjuration/Air              8
   c - Lehudib's Crystal Spear        Conjuration/Earth            8
   d - Glaciate                       Conjuration/Ice              9
   e - Fire Storm                     Conjuration/Fire             9
Comestibles
 c - 9 bread rations
 s - 4 meat rations
 x - a slice of pizza
 D - 7 beef jerkies


   Skills:
 + Level 11.5 Fighting
 + Level 14.5 Polearms
 + Level 4.7 Armour
 + Level 11.0 Dodging
 - Level 2.1 Stealth
 - Level 2.0 Spellcasting
 - Level 0.7 Conjurations
 - Level 3.2 Ice Magic


You had 10 spell levels left.
You knew the following spells:

 Your Spells              Type           Power        Failure   Level  Hunger
a - Freeze                Ice            ##..         14%         1    #......
b - Throw Frost           Conj/Ice       #.....       28%         2    ###....
c - Apportation           Tloc           #.........   41%         1    #......


Dungeon Overview and Level Annotations

Branches:
Dungeon (11/15)            Temple (1/1) D:5            Lair (1/8) D:9
    Orc (0/2) D:10

Altars:
Ashenzari
Cheibriados
Dithmenos
Elyvilon
Fedhas
Gozag
Kikubaaqudgha
Makhleb
Nemelex Xobeh
Okawaru
Pakellas
Qazlal
Ru
Sif Muna
Trog
Vehumet
Xom
Yredelemnul
Zin
The Shining One

Shops:
D:4 :


Message History

You slash the porcupine!
The porcupine is heavily wounded.
The porcupine closely misses you.
You are struck by the porcupine's spines.
* * * LOW HITPOINT WARNING * * *
You hit the porcupine but do no damage.
The porcupine is heavily wounded.
You block the porcupine's attack.
You are struck by the porcupine's spines.
* * * LOW HITPOINT WARNING * * *
You hit the porcupine.
The porcupine is severely wounded.
The porcupine closely misses you. You block the porcupine's attack.
You are struck by the porcupine's spines.
* * * LOW HITPOINT WARNING * * *
You hit the porcupine.
The porcupine is almost dead.
The porcupine closely misses you.
You are struck by the porcupine's spines.
You die...

#..# #...!..# ##.#.##
####..####......###[#.#.##
.<....[...[..............#
...................#######
####.(####.........# #..#
#.....^...# #### ###########
#.### ##### #####
######..#### #.#@## #...#
....###.#..####§#r######.#
#........####..§.##.##...###
#..........).#...###..###'.#
####.#.#....§........#.###.#
#####..#.....#......####.#
##....####........##..#.###
##..###.# ##.#...##.##..(#
#...# ### ###.###########


You could see a porcupine.

Vanquished Creatures
  Urug (Lair:1)
  2 hill giants
  A harpy (D:9)
  The ghost of 4thArraOfDagon the Skirmisher, a novice HOWn of the Shining One (D:6)
  Joseph (D:7)
  A centaur skeleton (D:11)
  A gargoyle (D:11)
  3 komodo dragons
  2 trolls (D:11)
  A blink frog (Lair:1)
  A wyvern (D:10)
  3 hippogriffs
  3 steam dragons
  Menkaure (D:7)
  2 porcupines (Lair:1)
  5 orc warriors
  4 phantoms
  A swamp drake (D:10)
  2 ice beasts
  2 sky beasts
  3 black bears
  An eye of draining (D:11)
  A necrophage (D:11)
  An ogre (D:9)
  9 centaurs
  A crocodile (D:9)
  2 big kobolds
  An elf zombie (D:11)
  9 giant frogs
  A wyvern zombie (D:7)
  8 scorpions
  3 killer bees (D:10)
  2 howler monkeys (D:5)
  4 human zombies (D:11)
  A crimson imp (D:7)
  A giant frog zombie (D:11)
  A quasit (D:10)
  2 hounds
  A jelly (D:5)
  8 orc priests
  4 giant frog skeletons
  6 iguanas
  2 human skeletons (D:11)
  11 orc wizards
  11 worker ants
  An ogre zombie (D:11)
  3 hound skeletons
  2 mummies (D:11)
  A gnoll (D:4)
  19 adders
  A shadow imp (D:9)
  An adder skeleton (D:6)
  A worm (D:4)
  2 dart slugs (D:1)
  5 giant geckos
  45 orcs
  2 ball pythons
  7 bats
  8 giant cockroaches
  5 goblins
  10 hobgoblins
  9 jackals
  12 kobolds
  5 quokkas
  A giant gecko skeleton (D:6)
  A giant gecko zombie (D:8)
  7 giant newts
  An orc zombie (D:11)
  A quokka zombie (D:5)
  2 rats (D:3)
284 creatures vanquished.

Vanquished Creatures (others)
  An orc (D:10)
  A kobold (D:8)
  16 fungi (D:6)
18 creatures vanquished.

Grand Total: 302 creatures vanquished

Notes
Turn   | Place    | Note
--------------------------------------------------------------
     0 | D:1      | inmateoo the Merfolk Ice Elementalist began the quest for the Orb.
     0 | D:1      | Reached XP level 1. HP: 13/13 MP: 3/3
   124 | D:1      | Reached XP level 2. HP: 19/19 MP: 3/5
   521 | D:1      | Reached XP level 3. HP: 19/24 MP: 2/6
   634 | D:2      | Found a deep blue altar of Sif Muna.
   688 | D:2      | Reached skill level 5 in Dodging
   957 | D:2      | Reached XP level 4. HP: 29/30 MP: 3/7
  1099 | D:2      | Found an ancient bone altar of Kikubaaqudgha.
  1770 | D:3      | Found an iron altar of Okawaru.
  1818 | D:3      | Learned a level 2 spell: Throw Frost
  1993 | D:3      | Found a faded altar to an unknown god.
  2173 | D:4      | Found Cetoa's Book Boutique.
  2177 | D:4      | Reached XP level 5. HP: 31/35 MP: 3/8
  2235 | D:4      | Found a blossoming altar of Fedhas.
  2236 | D:4      | Found an oddly glowing altar of Pakellas.
  2236 | D:4      | Found a deep blue altar of Sif Muna.
  2239 | D:4      | Found a burning altar of Makhleb.
  2239 | D:4      | Found a snail-covered altar of Cheibriados.
  2241 | D:4      | Found a radiant altar of Vehumet.
  2242 | D:4      | Found a white marble altar of Elyvilon.
  2443 | D:4      | Reached skill level 1 in Polearms
  2573 | D:4      | Reached skill level 2 in Polearms
  2735 | D:4      | Reached skill level 1 in Fighting
  3130 | D:5      | Entered Level 5 of the Dungeon
  3237 | D:5      | Reached XP level 6. HP: 43/43 MP: 4/9
  3436 | D:5      | Reached skill level 3 in Polearms
  3492 | D:5      | Reached skill level 4 in Polearms
  3641 | D:5      | Found a staircase to the Ecumenical Temple.
  3668 | Temple   | Entered the Ecumenical Temple
  3697 | Temple   | Became a worshipper of Qazlal Stormbringer
  3719 | D:5      | Noticed a phantom
  3998 | D:6      | Found a shimmering altar of Xom.
  4050 | D:5      | Reached XP level 7. HP: 29/52 MP: 1/10
  4527 | D:6      | Reached skill level 5 in Polearms
  4812 | D:6      | Reached skill level 6 in Polearms
  5189 | D:5      | Reached skill level 5 in Fighting
  5324 | D:5      | Reached skill level 7 in Polearms
  5324 | D:5      | Reached XP level 8. HP: 29/62 MP: 11/11
  6057 | D:6      | Reached skill level 8 in Polearms
  6328 | D:6      | Noticed 4thArraOfDagon's ghost (novice HOWn)
  6345 | D:6      | Killed 4thArraOfDagon's ghost
  6345 | D:6      | Reached skill level 9 in Polearms
  6527 | D:6      | Found a sparkling altar of Nemelex Xobeh.
  6672 | D:6      | Reached XP level 9. HP: 67/73 MP: 10/12
  6723 | D:6      | Reached skill level 10 in Polearms
  6749 | D:6      | Found an opulent altar of Gozag.
  6779 | D:6      | Reached * piety under Qazlal
  7185 | D:7      | Noticed Menkaure
  7187 | D:7      | Killed Menkaure
  7187 | D:7      | Reached skill level 11 in Polearms
  7488 | D:7      | Noticed Joseph
  8164 | D:7      | Reached skill level 1 in Armour
  8239 | D:7      | Killed Joseph
  8239 | D:7      | Reached skill level 12 in Polearms
  8239 | D:7      | Reached XP level 10. HP: 32/84 MP: 13/13
  8242 | D:7      | Got a brightly glowing war axe {speed}
  8281 | D:6      | Identified the cursed +2 war axe of Forced Transition {speed, *Rage rF+++ MP+9 Str+3} (You took it off Joseph on level 7 of the Dungeon)
  8627 | D:7      | Reached ** piety under Qazlal
  8813 | D:8      | Noticed a hill giant
  9037 | D:8      | Found a glowing silver altar of Zin.
  9037 | D:8      | Found an iron altar of Okawaru.
  9272 | D:8      | Killed a hill giant
  9272 | D:8      | Reached skill level 10 in Fighting
  9537 | D:8      | Found an oddly glowing altar of Pakellas.
 10097 | D:9      | Got a brightly glowing robe
 10109 | D:9      | Identified the +0 robe "Siji" {*Confuse rPois MP+9 Str-3 Dex+7} (You found it on level 9 of the Dungeon)
 10293 | D:9      | Reached *** piety under Qazlal
 10311 | D:9      | Found a blossoming altar of Fedhas.
 10348 | D:9      | Noticed a spiny frog
 10348 | D:9      | a komodo dragon changed into a spiny frog
 10349 | D:9      | Noticed a harpy
 10349 | D:9      | a spiny frog changed into a harpy
 10359 | D:9      | Killed a harpy
 10359 | D:9      | Reached skill level 13 in Polearms
 10851 | D:8      | Reached XP level 11. HP: 64/92 MP: 14/14
 11586 | D:9      | Found a staircase to the Lair.
 11761 | D:10     | Entered Level 10 of the Dungeon
 11840 | D:10     | Reached skill level 10 in Dodging
 11846 | D:10     | Found a shimmering altar of Xom.
 12324 | D:11     | Found an ancient bone altar of Kikubaaqudgha.
 12650 | D:11     | Reached **** piety under Qazlal
 12880 | D:11     | Noticed a hill giant
 12889 | D:11     | Killed a hill giant
 12889 | D:11     | Reached skill level 14 in Polearms
 13159 | D:11     | Got a crude ring mail
 13188 | D:11     | Identified the +1 ring mail "Tuhetur" {Str+3} (You found it on level 11 of the Dungeon)
 13308 | D:11     | Noticed a cyclops
 13908 | D:10     | Found a staircase to the Orcish Mines.
 13955 | D:10     | Learned a level 1 spell: Apportation
 14120 | Lair:1   | Entered Level 1 of the Lair of Beasts
 14149 | Lair:1   | Noticed Urug
 14165 | Lair:1   | Killed Urug
 14210 | D:9      | HP: 4/93 [porcupine's spines (3)]
 14211 | D:9      | Impaled on a porcupine's spines

Vault maps used:
D:1:      saegor_arrival_simple_b
D:2:      wad_pebble_path, kiku_gazebo_pond_becter, minmay_misc_feat_tower,
          lemuel_blue_sif_altar
D:3:      ecumenical_altar_2, minmay_bad_closet, okawaru_ov_weapons_minmay
D:4:      grunt_temple_overflow_open, first_bread, serial_shops,
          nicolae_shop_statue_plus
D:5:      minmay_temple_entry_large_hall
D:6:      old_forge, marbit_many_paths, nicolae_gozag_seed_capital, basic_altar
D:7:      uniq_joseph, uniq_menkaure
D:8:      gammafunk_temple_overflow_pools, grunt_pakellas_mercury
D:9:      erik_lair_dragon, grunt_ogre_cave, roderic_roman_lattice,
          fedhas_altar_2
D:10:     erik_orc_1, lemuel_statue_altar
D:11:     lemuel_mausoleum_altar_kikubaaqudgha
Temple:   minmay_temple_bridge_d_8
Lair:1:   serial_bayou_pond_c, grunt_megastairs_3, uniq_urug, uniq_gastronok

Skill      XL: |  1  2  3  4  5  6  7  8  9 10 11 |
---------------+----------------------------------+-----
Dodging        | 3 4 5 6 7 9 11 | 11.0
Polearms       | 2 4 7 9 12 13 14 | 14.5
Fighting       | 1 3 5 7 9 10 11 | 11.5
Armour         | 1 3 4 |  4.7
Stealth        | |  2.1
Spellcasting   | |  2.0
Conjurations   | |  0.7
Ice Magic      | |  3.2

Action                   |  1- 3 |  4- 6 |  7- 9 | 10-12 || total
-------------------------+-------+-------+-------+-------++-------
Melee: Club              |    16 |     1 |       |       ||    17
       Unarmed           |     1 |       |       |       ||     1
       Flail             |       |   131 |    55 |       ||   186
       Trident           |       |       |   164 |       ||   164
       Glaive            |       |       |   104 |   586 ||   690
 Cast: Freeze            |    39 |    76 |    70 |       ||   185
       Throw Frost       |       |     8 |       |       ||     8
Evoke: Wand              |       |       |       |     9 ||     9
  Use: Scroll            |       |    14 |     3 |     9 ||    26
       Potion            |       |     2 |     5 |     4 ||    11
 Stab: Sleeping          |       |     1 |       |       ||     1
       Confused          |       |       |       |     2 ||     2
  Eat: Chunk             |     1 |    11 |    11 |    17 ||    40
       Beef jerky        |       |       |     1 |       ||     1
       Meat ration       |       |       |     1 |       ||     1
       Royal jelly       |       |       |       |     1 ||     1
       Fruit             |       |       |       |     1 ||     1
